 Dungeon Crawl Stone Soup version 0.30.0-20-g3b4254fcbd (webtiles) character file.

Game seed: 14103729152723954223

221 Bnni the Digger (level 6, 0/45 HPs)
             Began as a Formicid Earth Elementalist on June 2, 2023.
             Slain by an ogre
             ... wielding a +0 giant club
              (22 damage)
             ... on level 3 of the Dungeon.
             The game lasted 00:05:31 (2187 turns).

Bnni the Digger (Formicid Earth Elementalist)       Turns: 2187, Time: 00:05:32

Health: 0/45       AC:  7    Str: 12    XL:     6   Next: 19%
Magic:  0/10       EV: 11    Int: 17    God:
Gold:   124        SH:  0    Dex: 14    Spells: 1/11 levels left

rFire   . . .        l - +2 hand axe (venom)
rCold   + . .        (no shield)
rNeg    . . .        e - +0 leather armour
rPois   .            (helmet unavailable)
rElec   .            g - +0 cloak
rCorr   .            m - +1 pair of gloves
SInv    +            s - +0 pair of boots
Will    .....        c - amulet of guardian spirit
Stlth   ++           a - ring of protection from cold
HPRegen 0.27/turn    r - ring of wizardry
MPRegen 0.12/turn

%: guardian spirit, wizardry (x1)
@: very slightly contaminated
A: permanent stasis, dig shafts and tunnels, antennae 3, four strong arms
a: Dig, Shaft Self


You were on level 3 of the Dungeon.
You visited 1 branch of the dungeon, and saw 3 of its levels.

You collected 124 gold pieces.

Inventory:

Hand Weapons
 l - a +2 hand axe of venom (weapon)
Missiles
 d - 4 poisoned darts
Armour
 e - a +0 leather armour (worn)
 g - a +0 cloak (worn)
 m - a +1 pair of gloves (worn)
 o - a +0 ring mail
 s - a +0 pair of boots (worn)
Jewellery
 a - a ring of protection from cold (left hand)
 c - an amulet of guardian spirit (around neck)
 r - a ring of wizardry (right hand)
Wands
 w - a wand of flame (17)
Scrolls
 f - a scroll of blinking {unknown}
 k - 2 scrolls of identify {unknown}
 n - a scroll of silence {unknown}
 q - a scroll of immolation {unknown}
 v - a scroll of amnesia {unknown}
Potions
 b - a potion of magic
 h - 3 potions of resistance {unknown}
 i - 2 potions of brilliance {unknown}
 j - a potion of might {unknown}
 p - a potion of attraction {unknown}
 t - a potion of invisibility {unknown}
 u - a potion of heal wounds {unknown}
 x - a potion of cancellation {unknown}
 z - a potion of mutation {unknown}


   Skills:
 + Level 2.3 Fighting
 - Level 1.7 Dodging
 - Level 2.4 Stealth
 + Level 3.2 Spellcasting
 + Level 0.1 Conjurations
 + Level 2.9 Transmutations
 * Level 5.6 Earth Magic


You had one spell level left.
You knew the following spells:

 Your Spells              Type           Power      Damage    Failure   Level
a - Sandblast             Erth           42%        2d11      1%          1
b - Passwall              Tmut/Erth      14%        N/A       2%          2
c - Stone Arrow           Conj/Erth      24%        3d8       9%          3
d - Petrify               Tmut/Erth      17%        N/A       16%         4

Your spell library contained the following spells:

 Spells                   Type           Power      Damage    Failure   Level
 Sting                    Tmut/Pois      28%        1d4       4%          1
 Slow                     Hex            8%         N/A       9%          1
 Ensorcelled Hibernation  Hex/Ice        4%         N/A       13%         2
 Lesser Beckoning         Tloc           4%         N/A       13%         2
 Poisonous Vapours        Pois/Air       4%         N/A       13%         2
 Spider Form              Tmut/Pois      7%         N/A       14%         3
 Confusing Touch          Hex            2%         N/A       26%         3
 Gell's Gravitas          Tloc           2%         N/A       26%         3
 Teleport Other           Tloc           2%         N/A       26%         3
 Vampiric Draining        Necr           2%         2d6       26%         3
 Anguish                  Hex/Necr       1%         N/A       61%         4
 Olgreb's Toxic Radiance  Pois           2%         N/A       61%         4


Dungeon Overview and Level Annotations

Branches:
Dungeon (3/15)

Altars:


Innate Abilities, Weirdness & Mutations

You cannot be hasted, slowed, berserked, paralysed or teleported.
You can dig through walls and to a lower floor.
You have a pair of large antennae on your head. (SInv)
Your four strong arms can wield two-handed weapons with a shield.


Message History

Aim: an orc, wielding a +0 mace (wandering, hasn't noticed you, 83% to hit)
The blast of sand hits the orc!
You kill the orc!
The ball python hisses angrily.
Aiming: Sandblast (safe; 1% risk of failure)
Press: ? - help, Q - select action, (/) - cycle Shift-Dir - straight line, f - ball python
Aim: a ball python (81% to hit)
The blast of sand hits the ball python!
You kill the ball python!
Unknown command.
Okay, then.
Casting: Sandblast (safe; 1% risk of failure)
Confirm with . or Enter, or press ? or * to list all spells.
Aiming: Stone Arrow (dangerous; 9% risk of failure)
Press: ? - help, Shift-Dir - straight line, f - ogre
Aim: an ogre, wielding a +0 giant club (85% to hit)
You miscast Stone Arrow.
You are very lightly contaminated with residual magic.
The air around you crackles with energy.
Unknown command.
Casting: Stone Arrow (dangerous; 9% risk of failure)
Confirm with . or Enter, or press ? or * to list all spells.
Aiming: Stone Arrow (dangerous; 9% risk of failure)
Press: ? - help, Shift-Dir - straight line, f/p - ogre
Aim: an ogre, wielding a +0 giant club (85% to hit)
The stone arrow hits the ogre!!
The ogre is severely wounded.
The ogre hits you with a +0 giant club!!
Unknown command.
Casting: Stone Arrow (dangerous; 9% risk of failure)
Confirm with . or Enter, or press ? or * to list all spells.
You don't have enough magic to cast this spell.
Unknown command.
Unknown command.
You hit the ogre.
The ogre is poisoned.
The ogre is severely wounded.
You hit the ogre.
The ogre looks as sick as possible!
The ogre is severely wounded.
The ogre hits you with a +0 giant club!!
You die...

~#.# #..#.# ~#.#
##....## { ~#)# #..#...#
~#.###.##.#.##
##.##..##....###
P#.##.#####....### #
8#.##.#####......##.#...
##....................#
...†..#######.##@###.##
####.## #.##O# # #..#
#.##.# ##.## #.##†.
##..# .....#. ...##
##....#) .### ##.. .. .#
#.# #. ## { { ... ..


You could see an ogre (extremely poisoned).

Vanquished Creatures
  3 electric eels (D:3)
  5 adders
  2 worms
  5 dart slugs
  2 orcs (D:3)
  9 ball pythons
  5 bats
  3 endoplasms (D:1)
  A giant cockroach (D:1)
  3 goblins
  A hobgoblin (D:1)
  2 kobolds (D:1)
  5 quokkas
  2 frilled lizards (D:1)
  2 rats (D:1)
50 creatures vanquished.

Notes
Turn   | Place    | Note
-------+----------+-------------------------------------------
     0 | D:1      | Bnni the Formicid Earth Elementalist began the quest for
                  | the Orb.
     0 | D:1      | Reached XP level 1. HP: 13/13 MP: 3/3
   103 | D:1      | Reached XP level 2. HP: 20/20 MP: 3/5
   192 | D:1      | Reached skill level 4 in Earth Magic
   522 | D:1      | Learned a level 2 spell: Passwall
   547 | D:1      | Reached XP level 3. HP: 23/25 MP: 1/6
   614 | D:1      | Reached skill level 1 in Fighting
  1071 | D:1      | Learned a level 3 spell: Stone Arrow
  1209 | D:2      | Reached XP level 4. HP: 32/32 MP: 5/8
  1889 | D:3      | Found a transporter.
  1986 | D:3      | Reached skill level 5 in Earth Magic
  1986 | D:3      | Reached XP level 5. HP: 38/38 MP: 7/9
  2034 | D:3      | Reached XP level 6. HP: 36/45 MP: 8/10
  2074 | D:3      | Found a transporter.
  2094 | D:3      | Learned a level 4 spell: Petrify
  2178 | D:3      | Noticed an ogre
  2187 | D:3      | Slain by an ogre

Illustrated notes

Levels and vault maps discovered:
D:1:      minmay_arrival_arboretum_large, layout_basic,
          amcnicky_mini_rare_corridor_liquid
D:2:      layout_loops_cross, columned_hall_lemuel
D:3:      gammafunk_steamed_eel, layout_rooms, serial_corexii_hall,
          corexii_hall_statues_x, chequers_hall_statues_corner_a,
          chequers_serial_rivers_micro_a

Skill      XL: |  1  2  3  4 |
---------------+-------------+-----
Earth Magic    | 4 5 |  5.6
Fighting       | 1 2 |  2.3
Transmutations | 2 |  2.9
Spellcasting   | 3 |  3.2
Dodging        | |  1.7
Stealth        | |  2.4
Conjurations   | |  0.1

Action                     |  1- 3 |  4- 6 || total
---------------------------+-------+-------++-------
  Melee: Hand axe          |     2 |     4 ||     6
   Cast: Sandblast         |    35 |    29 ||    64
         Stone Arrow       |       |     1 ||     1
  Evoke: Wand              |       |     6 ||     6
 Armour: Leather armour    |     3 |     8 ||    11
  Dodge: Dodged            |     8 |     6 ||    14
